 Seeded DCSS version 0.31-a0-700-gf13585253f (webtiles) character file.

Game seed: 2046850314396013722 (custom seed)

56 GigaChad the Shield-Bearer (level 4, -1/37 HPs)
             Began as a Formicid Fighter on Sept 7, 2023.
             Slain by a gnoll
             ... wielding a +0 flail
              (7 damage)
             ... on level 2 of the Dungeon.
             The game lasted 00:01:32 (1130 turns).

GigaChad the Shield-Bearer (Formicid Fighter)       Turns: 1130, Time: 00:01:33

Health: -1/37      AC: 10    Str: 22    XL:     4   Next: 17%
Magic:  4/4        EV:  8    Int: 10    God:
Gold:   44         SH:  9    Dex: 13    Spells: 3/3 levels left

rFire   . . .        a - +0 war axe
rCold   . . .        e - +0 kite shield of Empax {*Corrode rN+ Int+2 Slay+2}
rNeg    + . .        b - +0 scale mail
rPois   .            (helmet unavailable)
rElec   .            m - +2 cloak
rCorr   .            (no gloves)
SInv    +            (no boots)
Will    .....        (no amulet) Stlth
                     (no ring)
HPRegen 0.26/turn    (no ring)
MPRegen 0.09/turn

%: corrode self (3%)
@: lethally poisoned (-1 -> -7)
A: permanent stasis, dig shafts and tunnels, antennae 3, four strong arms
a: Dig, Shaft Self


You were on level 2 of the Dungeon.
You visited 1 branch of the dungeon, and saw 2 of its levels.

You collected 44 gold pieces.

Inventory:

Hand Weapons
 a - a +0 war axe (weapon)
Armour
 b - a +0 scale mail (worn)
 c - a +0 buckler
 e - the +0 kite shield of Empax (worn) {*Corrode rN+ Int+2 Slay+2}
   (You acquired it on level 1 of the Dungeon)

   Int+2:     It affects your intelligence (+2).
   Slay+2:    It affects your accuracy & damage with ranged weapons and melee
   (+2).
   rN+:       It protects you from negative energy.
   *Corrode:  It may corrode you when you take damage.
 m - a +2 cloak (worn)
Scrolls
 f - a scroll of identify {unknown}
 h - 2 scrolls of enchant weapon {unknown}
 i - a scroll of teleportation {unknown}
 j - a scroll of revelation {unknown}
 l - a scroll of fear {unknown}
Potions
 d - a potion of might
 g - 4 potions of curing {unknown}
 k - a potion of heal wounds {unknown}


   Skills:
 * Level 3.6 Fighting
 * Level 3.1 Axes
 * Level 3.6 Armour
 - Level 0.1 Dodging
 * Level 4.5 Shields


You had 3 spell levels left.
You didn't know any spells.
Your spell library contained the following spells:

 Spells                   Type           Power      Damage    Failure   Level
 Manifold Assault         Tloc           0%         N/A       100%        4
 Dispersal                Tloc           0%         N/A       100%        6
 Disjunction              Tloc           0%         N/A       100%        8


Dungeon Overview and Level Annotations

Branches:
Dungeon (2/15)

Altars:


Innate Abilities, Weirdness & Mutations

You cannot be hasted, slowed, berserked, paralysed or teleported.
You can dig through walls and to a lower floor.
You have a pair of large antennae on your head. (SInv)
Your four strong arms can wield two-handed weapons with a shield.


Message History

You hit the gnoll.
The gnoll is lightly wounded.
You closely miss the gnoll. The gnoll barely misses you.
You block the gnoll's attack.
You slash the gnoll!
The gnoll is almost dead.
You closely miss the gnoll. You block the gnoll's attack.
The gnoll hits you but does no damage. x2
You are poisoned.
You block the gnoll's attack.
Unknown command.
Unknown command.
You barely miss the gnoll.
The gnoll is almost dead.
You closely miss the gnoll.
You feel very sick. You block the gnoll's attack. The gnoll closely misses you.
Unknown command.
You barely miss the gnoll.
The gnoll is almost dead.
You barely miss the gnoll.
You feel sick. The gnoll hits you but does no damage.
The gnoll hits you with a +0 flail. The gnoll hits you but does no damage.
You are lethally poisoned!
You block the gnoll's attack.
Unknown command.
You closely miss the gnoll.
The gnoll is almost dead.
You hit the gnoll.
* * * LOW HITPOINT WARNING * * *
You feel very sick. You block the gnoll's attack. The gnoll barely misses you.
Unknown command.
You hit the gnoll.
You kill the gnoll!
You hit the gnoll but do no damage.
* * * LOW HITPOINT WARNING * * *
You feel very sick. The gnoll hits you with a +0 flail!
You die...

.<.# !..#
##..#
.... #..#
,.g# #)#
#@###
#.g.##
###..#
##.####
#....#
####.####
#....##
####..#
##.#


You could see 2 gnolls.

Vanquished Creatures
  2 gnolls (D:2)
  An adder (D:2)
  2 dart slugs
  2 ball pythons (D:1)
  A bat (D:2)
  6 endoplasms
  A giant cockroach (D:1)
  3 goblins
  4 hobgoblins (D:1)
  2 frilled lizards (D:1)
  3 kobolds
  7 rats (D:1)
34 creatures vanquished.

Notes
Turn   | Place    | Note
-------+----------+-------------------------------------------
     0 | D:1      | GigaChad the Formicid Fighter began the quest for the Orb.
     0 | D:1      | Reached XP level 1. HP: 18/18 MP: 1/1
    43 | D:1      | Identified a scroll of acquirement
    43 | D:1      | Acquired the +0 kite shield of Empax {*Corrode rN+ Int+2
                  | Slay+2}
   130 | D:1      | Found a faded altar of an unknown god.
   347 | D:1      | Reached XP level 2. HP: 24/24 MP: 2/2
   483 | D:1      | Reached XP level 3. HP: 24/29 MP: 3/3
  1123 | D:2      | Reached XP level 4. HP: 31/37 MP: 4/4
  1130 | D:2      | Slain by a gnoll

Illustrated notes

Levels and vault maps discovered:
D:1:      dpeg_arrival_stone_temple_mockup, layout_loops_ring,
          chequers_ecumenical_altar_simple, serial_forest,
          infiniplex_forest_lined_1, infiniplex_forest_side_room,
          infiniplex_forest_lined_ring, infiniplex_forest_fountain,
          infiniplex_forest_lined_2, infiniplex_forest_zigzag_1,
          infiniplex_forest_straight_2, infiniplex_forest_straight_2,
          infiniplex_forest_fountain
D:2:      layout_basic, kennysheep_generic_room_12

Skill      XL: |  1  2  3 |
---------------+----------+-----
Axes           | 3 |  3.1
Fighting       | |  3.6
Armour         | |  3.6
Dodging        | |  0.1
Shields        | |  4.5

Action                     |  1- 3 |  4- 6 || total
---------------------------+-------+-------++-------
  Melee: War axe           |    77 |     7 ||    84
    Use: Scroll            |     1 |       ||     1
 Armour: Scale mail        |    45 |     9 ||    54
  Dodge: Dodged            |    25 |     3 ||    28
  Block: Kite shield       |    33 |     7 ||    40

Table legend: (Time is in decaauts)
 A = Elapsed time spent in this place.
 B = Non-inter-level travel time spent in this place.
 C = Inter-level travel time spent in this place.
 D = Time resting spent in this place.
 E = Time spent auto-exploring this place.
 F = Levels seen in this place.
 G = Mean time per level.
                   A        B        C        D        E       F      G
               +--------+--------+--------+--------+--------+-----+--------+
         Total |   1172 |   1133 |     39 |      0 |    883 |   2 |  586.0 |
       Dungeon |   1172 |   1133 |     39 |      0 |    883 |   2 |  586.0 |
               +--------+--------+--------+--------+--------+-----+--------+

Top non-repeatable levels by time:
     D:1: 922 daAuts
     D:2: 250 daAuts
